 Dungeon Crawl Stone Soup version 0.18.1-5-g4a78601 (webtiles) character file.

1971 Esekla the Cudgeler (level 9, -12/47 HPs)
             Began as a Vine Stalker Ice Elementalist on May 9, 2016.
             Mangled by an ogre
             ... wielding a +0 giant spiked club
              (13 damage)
             ... on level 6 of the Dungeon on May 10, 2016.
             The game lasted 02:09:16 (5452 turns).

Esekla the Cudgeler (Vine Stalker Ice Elementalist) Turns: 5452, Time: 02:09:17

Health: -12/47     AC: 16    Str: 12    XL:     9   Next: 20%
Magic:  0/17       EV: 12    Int: 18    God:
Gold:   333        SH:  0    Dex: 12    Spells: 2 memorised, 14 levels left

rFire  . . .     SeeInvis .     I - +6 flail (protect)
rCold  . . .     Gourm    .     u - +0 robe
rNeg   . . .     Faith    .     (no shield)
rPois  .         Spirit   +     P - +1 helmet
rElec  .         Dismiss  .     n - +0 cloak
rCorr  +         Reflect  .     (no gloves)
SustAt .         Harm     .     (no boots)
MR     +....                    (no amulet)
Stlth  +.........               i - ring of resist corrosion
                                E - -2 ring of dexterity (curse)

@: confused, icy armour, slow, somewhat resistant to hostile enchantments, very
unstealthy
A: fangs 3, regeneration 2, magic shield, antimagic bite, no device heal 3, rot
immunity
a: no special abilities


You were on level 6 of the Dungeon.
You were not hungry.

You visited 1 branch of the dungeon, and saw 6 of its levels.

You collected 333 gold pieces.

Inventory:

Hand Weapons
 d - a +2 whip of venom
 e - a +0 hunting sling of flaming
 g - a +0 mace
 y - a +0 war axe
 G - a cursed -3 trident
 I - a +6 flail of protection (weapon)
 M - a +0 war axe
 N - a +0 flail
 O - a +2 whip of venom
Missiles
 f - 9 tomahawks
 j - 300 stones (quivered)
 F - 8 silver javelins
 H - 8 tomahawks of returning
Armour
 a - a +3 ring mail of fire resistance
 n - a +0 cloak (worn)
 s - a +2 ring mail of cold resistance
 u - a +0 robe (worn)
 K - a +0 leather armour
 P - a +1 helmet (worn)
 Q - a +0 robe
Jewellery
 i - a ring of resist corrosion (right hand)
 p - an uncursed ring of wizardry
 C - an uncursed ring of protection from cold {unknown}
 E - a cursed -2 ring of dexterity (left hand)
 L - an uncursed ring of fire {unknown}
 S - an uncursed ring of see invisible {unknown}
Wands
 c - a wand of lightning (7/15)
 T - a wand of lightning (11/15)
Scrolls
 q - a scroll of identify
 w - a scroll of noise
Potions
 k - 2 potions of mutation
 l - 3 potions of ambrosia
 m - 2 potions of brilliance
 o - a potion of might {unknown}
 r - 4 potions of curing
 t - a potion of agility {unknown}
 v - a potion of flight {unknown}
 x - 3 potions of heal wounds
 z - a potion of lignification {unknown}
 A - a potion of berserk rage {unknown}
 B - a potion of degeneration {unknown}
 D - a potion of cancellation {unknown}
Books
 b - a book of Frost

   Spells                             Type                      Level
   a - Freeze                         Ice                          1
   b - Throw Frost                    Conjuration/Ice              2
   c - Ozocubu's Armour               Charms/Ice                   3
   d - Throw Icicle                   Conjuration/Ice              4
   e - Summon Ice Beast               Ice/Summoning                4
Comestibles
 h - 2 meat rations
 J - a bread ration
 R - 4 fruits


   Skills:
 - Level 5.1 Fighting
 + Level 5.9 Maces & Flails
 - Level 1.0(2.1) Slings
 - Level 2.9(3.0) Throwing
 - Level 2.0 Dodging
 - Level 2.4 Stealth
 - Level 5.2 Spellcasting
   Level 1.0 Conjurations
 - Level 3.6 Charms
 - Level 3.5 Ice Magic


You had 14 spell levels left.
You knew the following spells:

 Your Spells              Type           Power        Failure   Level  Hunger
a - Freeze                Ice            ###.         3%          1    None
b - Ozocubu's Armour      Chrm/Ice       ###.....     12%         3    ##.....


Dungeon Overview and Level Annotations

Branches:
Dungeon (6/15)
 Temple: D:4-7

Altars:
Qazlal
Sif Muna

Annotations:
D:6 Dowan


Innate Abilities, Weirdness & Mutations

You have razor-sharp teeth.
You heal very quickly.
When hurt, damage is shared between your health and your magic reserves.
Your bite disrupts and absorbs the magic of your enemies.
Potions and wands cannot restore your health.
You are immune to rotting.


Message History

You miss Dowan. You bite Dowan.
Dowan's magic leaks into the air.
You drain his magic.
You feel invigorated.
Dowan is severely wounded.
Dowan hits you with a dagger.
* * * LOW HITPOINT WARNING * * *
The ogre hits you with a giant spiked club!!
* * * LOW HITPOINT WARNING * * *
Dowan hits you but does no damage.
You bump into the rock wall.
Dowan gestures at you while chanting. The stone arrow hits you!
* * * LOW HITPOINT WARNING * * *
You bump into the rock wall.
Dowan falters for a moment.
The ogre misses you. Dowan barely misses you.
You bump into the rock wall.
Dowan gestures at you while chanting. The shard of ice hits you!
* * * LOW HITPOINT WARNING * * *
The ogre hits you with a giant spiked club!
You die...

#################.#.#
#...............#.#.#
#e#############.#.#.#
#.# #.#.#.# #.#
#.#O#.# #ยง# #.#.#.#
#.# #...#.#
#.#################.#
#..........O@e......#
#####################


You could see an ogre and Dowan.

Vanquished Creatures
  Sigmund (D:2)
  Edmund (D:4)
  Duvessa (D:6)
  An ice beast (D:5)
  A centaur (D:6)
  A phantom (D:4)
  An ogre (D:6)
  A big kobold (D:4)
  Blork the orc (D:6)
  2 giant frogs
  A scorpion (D:5)
  A howler monkey (D:6)
  2 jellies
  3 hounds
  A giant frog skeleton (D:4)
  3 orc priests (D:6)
  2 orc wizards (D:6)
  Ijyb (D:2)
  Natasha (thrice) (D:2)
  Terence (D:3)
  3 iguanas
  A hound zombie (D:6)
  Robin (D:3)
  7 gnolls
  11 adders
  A shadow imp (D:6)
  5 oozes
  2 adder skeletons (D:5)
  2 worms
  10 giant geckos
  13 orcs
  A ball python (D:5)
  7 giant cockroaches
  20 goblins
  11 hobgoblins
  11 jackals
  2 quokkas
  3 bats
  5 giant newts
  9 kobolds
  4 rats (D:1)
158 creatures vanquished.

Notes
Turn   | Place    | Note
--------------------------------------------------------------
     0 | D:1      | Esekla the Vine Stalker Ice Elementalist began the quest for the Orb.
     0 | D:1      | Reached XP level 1. HP: 9/9 MP: 4/4
   199 | D:1      | Reached XP level 2. HP: 13/14 MP: 4/6
   376 | D:1      | Reached skill level 1 in Fighting
   667 | D:2      | Reached XP level 3. HP: 18/18 MP: 7/7
   677 | D:1      | Reached skill level 1 in Maces & Flails
   682 | D:1      | Learned a level 3 spell: Ozocubu's Armour
   820 | D:2      | Reached XP level 4. HP: 22/22 MP: 9/9
   886 | D:2      | Noticed Natasha
   909 | D:2      | Killed Natasha
   909 | D:2      | Reached skill level 1 in Charms
   977 | D:2      | Noticed Natasha
   981 | D:2      | Found a stormy altar of Qazlal.
   989 | D:2      | Killed Natasha
  1089 | D:2      | Noticed Sigmund
  1092 | D:2      | Reached XP level 5. HP: 25/25 MP: 10/10
  1160 | D:2      | Killed Sigmund
  1160 | D:2      | Gained mutation: You heal very quickly. [Vine Stalker growth]
  1160 | D:2      | Reached XP level 6. HP: 20/30 MP: 6/13
  1177 | D:2      | Noticed Natasha
  1183 | D:2      | Killed Natasha
  1508 | D:2      | Noticed Ijyb
  1539 | D:2      | Killed Ijyb
  2169 | D:3      | Noticed Terence
  2189 | D:3      | Killed Terence
  2206 | D:3      | Noticed Robin
  2239 | D:3      | Killed Robin
  2265 | D:3      | Reached XP level 7. HP: 35/35 MP: 15/15
  2974 | D:4      | Found Ampuxtihe's Jewellery Emporium.
  3116 | D:4      | Reached skill level 5 in Spellcasting
  3148 | D:4      | Noticed Edmund
  3162 | D:4      | Killed Edmund
  3162 | D:4      | Reached skill level 1 in Slings
  3228 | D:4      | Found a deep blue altar of Sif Muna.
  3297 | D:4      | Gained mutation: You have razor-sharp teeth. [Vine Stalker growth]
  3297 | D:4      | Reached XP level 8. HP: 26/40 MP: 8/16
  3422 | D:4      | Learned a level 1 spell: Freeze
  3495 | D:5      | Entered Level 5 of the Dungeon
  3826 | D:5      | Reached skill level 1 in Throwing
  4689 | D:6      | Noticed Blork the orc
  4708 | D:6      | Killed Blork the orc
  4895 | D:6      | Reached skill level 5 in Maces & Flails
  5047 | D:6      | Reached skill level 5 in Fighting
  5047 | D:6      | Reached XP level 9. HP: 47/47 MP: 17/17
  5314 | D:6      | Noticed Duvessa
  5345 | D:6      | Noticed Dowan
  5402 | D:6      | Killed Duvessa
  5449 | D:6      | HP: 2/47 [ogre/giant spiked club (6)]
  5452 | D:6      | Mangled by an ogre

Skill      XL: |  1  2  3  4  5  6  7  8 |
---------------+-------------------------+-----
Dodging        | 2 |  2.0
Fighting       | 1 2 3 5 |  5.1
Maces & Flails | 1 2 3 5 |  5.9
Spellcasting   | 3 4 5 |  5.2
Charms         | 1 2 3 |  3.6
Slings         | 1 |  1.0
Throwing       | 2 |  2.9
Stealth        | |  2.4
Conjurations   | |  1.0
Ice Magic      | |  3.5

Action                   |  1- 3 |  4- 6 |  7- 9 || total
-------------------------+-------+-------+-------++-------
Melee: Dagger            |    14 |       |       ||    14
       Unarmed           |     8 |       |       ||     8
       Bite              |    12 |    17 |    83 ||   112
       Whip              |    52 |   109 |   109 ||   270
       Flail             |       |       |   202 ||   202
 Fire: Hunting sling     |       |     3 |    12 ||    15
Throw: Stone             |    24 |       |    15 ||    39
       Tomahawk          |     4 |     4 |    14 ||    22
 Cast: Freeze            |    10 |     9 |     3 ||    22
       Ozocubu's Armour  |     1 |     6 |    10 ||    17
  Use: Scroll            |       |       |    15 ||    15
       Potion            |       |       |     1 ||     1
 Stab: Sleeping          |     2 |     2 |     3 ||     7
  Eat: Beef jerky        |       |     2 |     1 ||     3
       Bread ration      |       |     1 |     1 ||     2
       Meat ration       |       |       |     1 ||     1
Armor: Robe              |     4 |    14 |   116 ||   134
       Leather armour    |    21 |    13 |       ||    34
       Ring mail         |       |       |     5 ||     5
Dodge: Dodged            |    44 |    57 |   170 ||   271
